 Dungeon Crawl Stone Soup version 0.20.1-4-g4af34eaf8e (webtiles) character file.

184 Alfie the Shooter (level 5, 0/45 HPs)
             Began as a Minotaur Hunter on Feb 25, 2020.
             Slain by an adder (2 damage)
             ... on level 3 of the Dungeon.
             The game lasted 00:08:25 (2228 turns).

Alfie the Shooter (Minotaur Hunter)                 Turns: 2228, Time: 00:08:25

Health: 0/45       AC:  3    Str: 23    XL:     5   Next: 36%
Magic:  4/4        EV: 12    Int:  8    God:
Gold:   39         SH:  0    Dex: 10    Spells: 1/4 levels left

rFire    . . .     SeeInvis .   b - +1 short sword
rCold    . . .     Gourm    .   (no shield)
rNeg     . . .     Faith    .   c - +0 leather armour
rPois    .         Spirit   .   (helmet restricted)
rElec    .         Reflect  .   (no cloak)
rCorr    .         Harm     .   (no gloves)
MR       .....                  (no boots)
Stlth    +.........             (no amulet)
Regen    0.2/turn               (no ring)
MPRegen  0.1/turn               (no ring)

@: mighty
A: retaliatory headbutt, horns 2
a: no special abilities


You were on level 3 of the Dungeon.
You were not hungry.

You visited 1 branch of the dungeon, and saw 3 of its levels.

You collected 39 gold pieces.

Inventory:

Hand Weapons
 a - a +2 shortbow
 b - a +1 short sword (weapon)
Missiles
 d - 18 arrows
Armour
 c - a +0 leather armour (worn)
Scrolls
 f - a scroll of remove curse
 k - a scroll of teleportation
Potions
 e - a potion of degeneration {unknown}
 g - a potion of might
 i - 2 potions of heal wounds {unknown}
 j - a potion of invisibility {unknown}
 n - 2 potions of curing
Books
 h - a book of Minor Magic

   Spells                             Type                      Level
   a - Magic Dart                     Conjuration                  1
   b - Blink                          Translocation                2
   c - Call Imp                       Summoning                    2
   d - Slow                           Hexes                        2
   e - Conjure Flame                  Conjuration/Fire             3
   f - Mephitic Cloud                 Conjuration/Poison/Air       3
 l - a book of Conjurations

   Spells                             Type                      Level
   a - Magic Dart                     Conjuration                  1
   b - Searing Ray                    Conjuration                  2
   c - Dazzling Spray                 Conjuration/Hexes            3
   d - Fulminant Prism                Conjuration/Hexes            4
   e - Force Lance                    Conjuration/Translocation    4
   f - Iskenderun's Mystic Blast      Conjuration                  4


   Skills:
 + Level 3.5 Fighting
 + Level 1.0 Short Blades
 + Level 6.0 Bows
 + Level 2.1 Armour
 + Level 2.8 Dodging
 + Level 1.1 Stealth


You had one spell level left.
You knew the following spells:

 Your Spells              Type           Power        Failure   Level  Hunger
a - Magic Dart            Conj           #...         45%         1    ##.....
b - Searing Ray           Conj           #.....       58%         2    ###....


Dungeon Overview and Level Annotations

Branches:
Dungeon (3/15)

Altars:
Ashenzari


Innate Abilities, Weirdness & Mutations

You reflexively headbutt those who attack you in melee.
You have a pair of horns on your head.


Message History

The orc wizard is severely wounded.
The orc wizard gestures wildly while chanting.
The orc wizard blinks!
The orc wizard gestures wildly while chanting.
The orc wizard seems to speed up.
Found 9 gold pieces.
You see here a whip.
The orc wizard points at you and mumbles some strange words.
The magic dart hits you!
* * * LOW HITPOINT WARNING * * *
The orc wizard hits you but does no damage.
You see here a whip.
The orc wizard casts a spell at you. You resist with some effort.
You puncture the orc wizard!
You kill the orc wizard!
Your Short Blades skill increases to level 1!
Your Bows skill increases to level 6!
The adder bites you.
You die...

#. #...........#
###..#...........#
.................#
####..#..........#
###.#)##########
...#.# # ##.#.#
... #.(.####..(..
#%.@).....(..
#...S.....?$.
#.#..........
#.....##.....
####..# ..... #..#
.... ...# ... #...
...


You could see an adder.

Vanquished Creatures
  An orc wizard (D:3)
  3 gnolls (D:3)
  5 adders
  3 oozes
  A dart slug (D:1)
  2 leopard geckos (D:1)
  2 orcs (D:3)
  A giant cockroach (D:1)
  8 goblins
  6 hobgoblins
  3 jackals (D:1)
  6 bats
  6 frilled lizards
  9 kobolds
  12 rats
  A plant (D:1)
69 creatures vanquished.

Vanquished Creatures (others)
  An ooze (D:1)
  A hobgoblin (D:1)
2 creatures vanquished.

Grand Total: 71 creatures vanquished

Notes
Turn   | Place    | Note
-------+----------+-------------------------------------------
     0 | D:1      | Alfie the Minotaur Hunter began the quest for the Orb.
     0 | D:1      | Reached XP level 1. HP: 18/18 MP: 0/0
   112 | D:1      | Reached XP level 2. HP: 17/25 MP: 1/1
   120 | D:1      | Reached skill level 5 in Bows
   152 | D:1      | HP: 1/25 [leopard gecko (3)]
   388 | D:1      | Reached XP level 3. HP: 20/30 MP: 2/2
  1407 | D:2      | Reached skill level 1 in Armour
  1458 | D:2      | Reached XP level 4. HP: 36/38 MP: 3/3
  1459 | D:2      | Found a shattered altar of Ashenzari.
  1585 | D:2      | Learned a level 1 spell: Magic Dart
  1909 | D:2      | Reached skill level 1 in Stealth
  2104 | D:3      | Reached XP level 5. HP: 36/45 MP: 4/4
  2195 | D:3      | Learned a level 2 spell: Searing Ray
  2225 | D:3      | HP: 2/45 [orc wizard/magic dart (7)]
  2228 | D:3      | Reached skill level 1 in Short Blades
  2228 | D:3      | Reached skill level 6 in Bows
  2228 | D:3      | Slain by an adder

Skill      XL: |  1  2  3  4  5 |
---------------+----------------+-----
Bows           | 5 6 |  6.0
Armour         | 1 2 |  2.1
Fighting       | 3 |  3.5
Stealth        | 1 |  1.1
Short Blades   | 1 |  1.0
Dodging        | |  2.8

Action                   |  1- 3 |  4- 6 || total
-------------------------+-------+-------++-------
Melee: Short sword       |   118 |    41 ||   159
       Headbutt          |    24 |     4 ||    28
 Fire: Shortbow          |    62 |    38 ||   100
  Use: Scroll            |     6 |     2 ||     8
       Potion            |       |     2 ||     2
 Stab: Sleeping          |     2 |       ||     2
  Eat: Royal jelly       |     1 |       ||     1
       Bread ration      |       |     1 ||     1
Armor: Leather armour    |    21 |    15 ||    36
Dodge: Dodged            |    73 |    20 ||    93
